 Dungeon Crawl Stone Soup version 0.29-a0-284-gf9362112df (webtiles) character file.

Game seed: 17049092287994347009

74 zazu2006 the Magician (level 4, -6/34 HPs)
             Began as a Gnoll Wanderer on Apr 1, 2022.
             Mangled by Ijyb
             ... wielding a +4 club
              (10 damage)
             ... on level 2 of the Dungeon.
             The game lasted 00:05:00 (2204 turns).

zazu2006 the Magician (Gnoll Wanderer)              Turns: 2204, Time: 00:05:01

Health: -6/34      AC:  3    Str: 12    XL:     4   Next: 30%
Magic:  11/11      EV: 12    Int: 14    God:
Gold:   74         SH:  0    Dex: 10    Spells: 12/13 levels left

rFire   . . .      SeeInvis .   m - +1 dagger (venom)
rCold   . . .      Faith    .   (no shield)
rNeg    . . .      Spirit   .   d - +0 robe
rPois   .          Reflect  .   b - +0 helmet
rElec   .          Harm     .   (no cloak)
rCorr   .          Rampage  .   (no gloves)
Will    .....                   (no boots)
Stlth   ++........              (no amulet)
HPRegen 0.11/turn               (no ring)
MPRegen 0.12/turn               (no ring)

@: no status effects
A: fangs 1, strong nose, distributed training
a: no special abilities


You were on level 2 of the Dungeon.
You visited 1 branch of the dungeon, and saw 2 of its levels.

You collected 74 gold pieces.

Inventory:

Hand Weapons
 a - a +0 shortbow
 e - a +0 spear
 m - a +1 dagger of venom (weapon)
Armour
 b - a +0 helmet (worn)
 d - a +0 robe (worn)
Jewellery
 l - a +4 ring of evasion
Wands
 n - a wand of iceblast (9)
Scrolls
 c - 2 scrolls of teleportation
 g - 3 scrolls of identify {unknown}
 i - a scroll of silence {unknown}
 k - a scroll of immolation {unknown}
Potions
 f - a potion of mutation {unknown}
 h - a potion of brilliance {unknown}
 j - 2 potions of ambrosia {unknown}


   Skills:
 + Level 2.7 Fighting
 + Level 1.1 Short Blades
 + Level 1.1 Long Blades
 + Level 1.1 Axes
 + Level 1.1 Maces & Flails
 + Level 1.1 Polearms
 + Level 1.1 Staves
 + Level 1.1 Slings
 + Level 4.6 Bows
 + Level 1.1 Crossbows
 + Level 1.1 Throwing
 + Level 2.7 Armour
 + Level 2.7 Dodging
 + Level 2.5 Stealth
 + Level 1.1 Shields
 + Level 1.1 Unarmed Combat
 + Level 5.0 Spellcasting
 + Level 0.8 Conjurations
 + Level 0.8 Hexes
 + Level 3.8 Summonings
 + Level 0.8 Necromancy
 + Level 0.8 Translocations
 + Level 0.8 Transmutations
 + Level 0.8 Fire Magic
 + Level 0.8 Ice Magic
 + Level 0.8 Air Magic
 + Level 0.8 Earth Magic
 + Level 0.8 Poison Magic
 + Level 1.2 Invocations
 + Level 1.1 Evocations


You had 12 spell levels left.
You knew the following spells:

 Your Spells              Type           Power      Damage    Failure   Level
a - Summon Small Mammal   Summ           56%        N/A       3%          1

Your spell library contained the following spells:

 Spells                   Type           Power      Damage    Failure   Level
 Sting                    Tmut/Pois      24%        1d4       12%         1
 Poisonous Vapours        Pois/Air       12%        N/A       19%         2
 Portal Projectile        Hex/Tloc       12%        N/A       36%         3
 Tukima's Dance           Hex            6%         N/A       36%         3
 Summon Ice Beast         Ice/Summ       10%        N/A       54%         4
 Summon Lightning Spire   Summ/Air       10%        N/A       54%         4
 Olgreb's Toxic Radiance  Pois           6%         N/A       77%         4
 Passage of Golubria      Tloc           6%         N/A       77%         4
 Blade Hands              Tmut           3%         N/A       98%         5
 Excruciating Wounds      Necr           3%         N/A       98%         5
 Yara's Violent Unravell  Hex/Tmut       3%         3d4       98%         5


Dungeon Overview and Level Annotations

Branches:
Dungeon (2/15)

Altars:

Annotations:
D:2 Ijyb


Innate Abilities, Weirdness & Mutations

You have very sharp teeth.
Your uncanny sense of smell can sniff out nearby items.
Your experience applies equally to all skills.


Message History

You hit the goblin.
You kill the goblin!
You hit the goblin.
The goblin is poisoned.
The goblin is severely wounded.
The goblin barely misses you.
You hit the goblin.
You kill the goblin!
Ijyb hits you with a +4 club.
Things that are here:
a +0 dagger; a +0 club; a goblin corpse You hit Ijyb.
Ijyb is poisoned.
Ijyb is lightly wounded.
Ijyb closely misses you. The goblin misses you.
You hit Ijyb but do no damage.
Ijyb looks as sick as possible!
Ijyb is lightly wounded.
Ijyb completely misses you. The goblin hits you with a +0 dagger.
You hit Ijyb.
Ijyb looks as sick as possible!
Ijyb is moderately wounded.
Ijyb hits you with a +4 club! The goblin hits you but does no damage.
You hit Ijyb but do no damage.
Ijyb looks as sick as possible!
Ijyb is moderately wounded.
Ijyb hits you with a +4 club.
* * * LOW HITPOINT WARNING * * *
The goblin hits you but does no damage.
You closely miss Ijyb.
Ijyb is severely wounded.
Ijyb barely misses you. The goblin misses you.
You hit Ijyb but do no damage.
Ijyb looks as sick as possible!
Ijyb is severely wounded.
Ijyb hits you with a +4 club.
* * * LOW HITPOINT WARNING * * *
The goblin barely misses you.
You barely miss the goblin. Ijyb closely misses you.
The goblin hits you with a +0 dagger.
* * * LOW HITPOINT WARNING * * *
You hit Ijyb but do no damage.
Ijyb looks as sick as possible!
You bite Ijyb, but do no damage.
Ijyb is severely wounded.
Ijyb hits you with a +4 club!
You die...

####### 8.8.8.8..#
#.# #.....#
.........# #.#
#.###.#∆g........#
#.# #.#...#
.........# #†#
#.#.#.#∆.........#
#.# #.....#
.........# #.#
...#..# 8.8.8.8..#
#.# #.###.#
#######g#######.#
##.#..#
#g@)..)...#
###)#.#
###########
....#.# #####.#
#.# #.# #.# #.#
#####.#


You could see Ijyb (extremely poisoned) and a goblin.

Vanquished Creatures
  2 adders (D:2)
  2 dart slugs
  A bat (D:1)
  6 endoplasms
  A giant cockroach (D:1)
  10 goblins
  A hobgoblin (D:2)
  5 jackals
  3 kobolds
  A quokka (D:1)
  3 ball pythons
  2 frilled lizards
  11 rats
48 creatures vanquished.

Vanquished Creatures (collateral kills)
  An endoplasm (D:1)
1 creature vanquished.

Grand Total: 49 creatures vanquished

Notes
Turn   | Place    | Note
-------+----------+-------------------------------------------
     0 | D:1      | zazu2006 the Gnoll Wanderer began the quest for the Orb.
     0 | D:1      | zazu2006 set off with the following items: a +0 shortbow, a
                  | +0 helmet, a scroll of teleportation, a +0 robe; and the
                  | following spell memorised: Summon Small Mammal; and the
                  | following spells available to memorise: Summon Ice Beast,
                  | Summon Lightning Spire
     0 | D:1      | Reached XP level 1. HP: 17/17 MP: 6/6
    95 | D:1      | Reached XP level 2. HP: 14/23 MP: 7/7
   853 | D:2      | Reached XP level 3. HP: 16/28 MP: 9/9
  1003 | D:2      | Reached skill level 5 in Spellcasting
  1157 | D:2      | Reached skill level 1 in Invocations
  1400 | D:2      | Found a faded altar of an unknown god.
  1505 | D:2      | Reached skill level 1 in Short Blades
  1505 | D:2      | Reached skill level 1 in Long Blades
  1505 | D:2      | Reached skill level 1 in Axes
  1505 | D:2      | Reached skill level 1 in Maces & Flails
  1505 | D:2      | Reached skill level 1 in Polearms
  1505 | D:2      | Reached skill level 1 in Staves
  1505 | D:2      | Reached skill level 1 in Slings
  1505 | D:2      | Reached skill level 1 in Crossbows
  1505 | D:2      | Reached skill level 1 in Throwing
  1505 | D:2      | Reached skill level 1 in Shields
  1505 | D:2      | Reached skill level 1 in Unarmed Combat
  1505 | D:2      | Reached skill level 1 in Evocations
  1758 | D:2      | Reached XP level 4. HP: 28/34 MP: 11/11
  2173 | D:2      | Noticed Ijyb
  2204 | D:2      | Mangled by Ijyb

Illustrated notes

Levels and vault maps discovered:
D:1:      saegor_arrival_simple_b, layout_rooms
D:2:      kennysheep_the_goblin_king, layout_loops_ring,
          hellmonk_ecumenical_altar_dog_temple, minmay_rat_gold_closets

Skill      XL: |  1  2  3 |
---------------+----------+-----
Spellcasting   | 5 |  5.0
Invocations    | 1 |  1.2
Short Blades   | 1 |  1.1
Long Blades    | 1 |  1.1
Axes           | 1 |  1.1
Maces & Flails | 1 |  1.1
Polearms       | 1 |  1.1
Staves         | 1 |  1.1
Slings         | 1 |  1.1
Crossbows      | 1 |  1.1
Throwing       | 1 |  1.1
Shields        | 1 |  1.1
Unarmed Combat | 1 |  1.1
Evocations     | 1 |  1.1
Fighting       | |  2.7
Bows           | |  4.6
Armour         | |  2.7
Dodging        | |  2.7
Stealth        | |  2.5
Conjurations   | |  0.8
Hexes          | |  0.8
Summonings     | |  3.8
Necromancy     | |  0.8
Translocations | |  0.8
Transmutations | |  0.8
Fire Magic     | |  0.8
Ice Magic      | |  0.8
Air Magic      | |  0.8
Earth Magic    | |  0.8
Poison Magic   | |  0.8

Action                   |  1- 3 |  4- 6 || total
-------------------------+-------+-------++-------
Melee: Spear             |   129 |       ||   129
       Bite              |    12 |     1 ||    13
       Unarmed           |     2 |       ||     2
       Dagger            |     8 |    34 ||    42
 Cast: Summon Small Mamm |     5 |       ||     5
 Stab: Sleeping          |     8 |     1 ||     9
Armor: Robe              |    32 |     6 ||    38
Dodge: Dodged            |    89 |    18 ||   107

Table legend: (Time is in decaauts)
 A = Elapsed time spent in this place.
 B = Non-inter-level travel time spent in this place.
 C = Inter-level travel time spent in this place.
 D = Time resting spent in this place.
 E = Time spent auto-exploring this place.
 F = Levels seen in this place.
 G = Mean time per level.
                   A        B        C        D        E       F      G
               +--------+--------+--------+--------+--------+-----+--------+
         Total |   2210 |   2187 |     23 |    183 |   1578 |   2 | 1105.0 |
       Dungeon |   2210 |   2187 |     23 |    183 |   1578 |   2 | 1105.0 |
               +--------+--------+--------+--------+--------+-----+--------+

Top non-repeatable levels by time:
     D:2: 1365 daAuts
     D:1: 844 daAuts
